MWL (24 & UNDER)
MANHATTEN MEATHEADS @ COLUMBIA 08S
04/24/2023
 
TOP OF THE 1ST
Manhatten Meatheads batting - Pitching for Columbia 08s : LHP Darrell Harding
Pitching: LHP Darrell Harding
Batting: RHB Iván Moreno 0-0: Foul Ball, location: 2F
0-1: Ball
1-1: Ball
2-1: Called Strike
2-2: Strikes out swinging
Batting: LHB António Cedeño 0-0: Ball
1-0: Called Strike
1-1: Called Strike
1-2: Ball
2-2: Foul Ball, location: 2F
2-2: Ball
3-2: SINGLE (Flyball, 8RS)
Batting: RHB Kyle O'Day 0-0: Ball
1-0: Swinging Strike
1-1: Called Strike
1-2: Ball
2-2: Strikes out looking
Batting: SHB Vitaliano Capuana 0-0: Ball
1-0: Called Strike
1-1: Fly out, F8 (Flyball, 8LM)
Top of the 1st over - 0 run(s), 1 hit(s), 0 error(s), 1 left on base; Manhatten 0 - Columbia 0
BOTTOM OF THE 1ST
Columbia 08s batting - Pitching for Manhatten Meatheads : RHP Fernando Rodríguez
Pitching: RHP Fernando Rodríguez
Batting: RHB Ryosei Yamamoto 0-0: Fly out, F8 (Flyball, 8RXD)
Batting: RHB Vic Langlois 0-0: Ball
1-0: Ball
2-0: Called Strike
2-1: Foul Ball, location: 2F
2-2: Ground out 5-3 (Groundball, 5S)
Batting: RHB Luis Maldonado 0-0: Ball
1-0: Ground out 5-3 (Groundball, 56)
Bottom of the 1st over - 0 run(s), 0 hit(s), 0 error(s), 0 left on base; Manhatten 0 - Columbia 0
TOP OF THE 2ND
Manhatten Meatheads batting - Pitching for Columbia 08s : LHP Darrell Harding
Batting: LHB Dave Watt 0-0: Ball
1-0: Ball
2-0: Ball
3-0: Ground out 5-3 (Groundball, 56)
Batting: RHB Lynn Ford 0-0: Ball
1-0: Swinging Strike
1-1: Swinging Strike
1-2: Strikes out looking
Batting: RHB Greg Lee 0-0: Called Strike
0-1: Ball
1-1: Foul Ball, location: 2F
1-2: Ball
2-2: Strikes out swinging
Top of the 2nd over - 0 run(s), 0 hit(s), 0 error(s), 0 left on base; Manhatten 0 - Columbia 0
BOTTOM OF THE 2ND
Columbia 08s batting - Pitching for Manhatten Meatheads : RHP Fernando Rodríguez
Batting: RHB Ichizo Akiyama 0-0: Ground out 5-3 (Groundball, 5L)
Batting: RHB Alfredo Hernández 0-0: Called Strike
0-1: Called Strike
0-2: Ball
1-2: SINGLE (Groundball, 6MD)
Batting: RHB Barton Frazier 0-0: Ball
1-0: Ball
2-0: Ball
3-0: Base on Balls
Alfredo Hernández to second
Batting: SHB Roberto Rivera 0-0: Called Strike
0-1: Foul Ball, location: 2F
0-2: Ball
1-2: Ball
2-2: Fly out, F7 (Flyball, 7D)
Runner from 2nd tags up, SAFE at 3rd, no throw
Batting: RHB Felipe Rodríguez 0-0: Foul Ball, location: 2F
0-1: Called Strike
0-2: Foul Ball, location: 2F
0-2: Ball
Barton Frazier steals 2nd base
1-2: Foul Ball, location: 2F
1-2: Ball
2-2: Ball
3-2: Base on Balls
Batting: LHB Brock Larsen 0-0: Ball
1-0: Fly out, F7 (Flyball, 7M)
Bottom of the 2nd over - 0 run(s), 1 hit(s), 0 error(s), 3 left on base; Manhatten 0 - Columbia 0
TOP OF THE 3RD
Manhatten Meatheads batting - Pitching for Columbia 08s : LHP Darrell Harding
Batting: LHB Ed Murray 0-0: Called Strike
0-1: Called Strike
0-2: Ball
1-2: Fly out, F7 (Flyball, 7S)
Batting: RHB Juan Reyes 0-0: Ball
1-0: Foul Ball, location: 2F
1-1: Swinging Strike
1-2: Strikes out swinging
Batting: RHB Iván Moreno 0-0: Called Strike
0-1: Called Strike
0-2: Foul Ball, location: 2F
0-2: Strikes out looking
Top of the 3rd over - 0 run(s), 0 hit(s), 0 error(s), 0 left on base; Manhatten 0 - Columbia 0
BOTTOM OF THE 3RD
Columbia 08s batting - Pitching for Manhatten Meatheads : RHP Fernando Rodríguez
Batting: RHB Ryosei Yamamoto 0-0: Ball
1-0: Ball
2-0: Foul Ball, location: 2F
2-1: Bunt for hit - play at first, batter OUT! 1-3
Batting: RHB Vic Langlois 0-0: Ball
1-0: Ball
2-0: Called Strike
2-1: Ball
3-1: Swinging Strike
3-2: Foul Ball, location: 2F
3-2: Strikes out looking
Batting: RHB Luis Maldonado 0-0: Ball
1-0: Foul Ball, location: 2F
1-1: Foul Ball, location: 2F
1-2: Fly out, F9 (Flyball, 9M)
Bottom of the 3rd over - 0 run(s), 0 hit(s), 0 error(s), 0 left on base; Manhatten 0 - Columbia 0
TOP OF THE 4TH
Manhatten Meatheads batting - Pitching for Columbia 08s : LHP Darrell Harding
Batting: LHB António Cedeño 0-0: Ball
1-0: Swinging Strike
1-1: Hit by Pitch
Batting: RHB Kyle O'Day 0-0: Called Strike
0-1: Foul Ball, location: 2F
0-2: Foul Ball, location: 2F
0-2: Ball
1-2: Foul Ball, location: 2F
1-2: Strikes out looking
Batting: SHB Vitaliano Capuana 0-0: Ball
1-0: Foul Ball, location: 2F
1-1: Fielders Choice at 2nd, 4-6 (Groundball, 4)
Batting: LHB Dave Watt 0-0: Called Strike
Vitaliano Capuana is caught stealing 2nd base
Top of the 4th over - 0 run(s), 0 hit(s), 0 error(s), 0 left on base; Manhatten 0 - Columbia 0
BOTTOM OF THE 4TH
Columbia 08s batting - Pitching for Manhatten Meatheads : RHP Fernando Rodríguez
Batting: RHB Ichizo Akiyama 0-0: Fly out, F3 (Popup, 3D)
Batting: RHB Alfredo Hernández 0-0: Called Strike
0-1: Called Strike
0-2: Ball
1-2: Ground out 6-3 (Groundball, 6M)
Batting: RHB Barton Frazier 0-0: Ball
1-0: Fly out, F7 (Popup, 78S)
Bottom of the 4th over - 0 run(s), 0 hit(s), 0 error(s), 0 left on base; Manhatten 0 - Columbia 0
TOP OF THE 5TH
Manhatten Meatheads batting - Pitching for Columbia 08s : LHP Darrell Harding
Batting: LHB Dave Watt 0-0: Ball
1-0: Ground out 6-3 (Groundball, 6)
Batting: RHB Lynn Ford 0-0: Ball
1-0: Ball
2-0: Ball
3-0: Base on Balls
Batting: RHB Greg Lee 0-0: Ball
1-0: Swinging Strike
1-1: Ball
2-1: Ball
3-1: Foul Ball, location: 2F
3-2: Strikes out swinging
Batting: LHB Ed Murray 0-0: Called Strike
Lynn Ford steals 2nd base
0-1: Fly out, F7 (Flyball, 78M)
Top of the 5th over - 0 run(s), 0 hit(s), 0 error(s), 1 left on base; Manhatten 0 - Columbia 0
BOTTOM OF THE 5TH
Columbia 08s batting - Pitching for Manhatten Meatheads : RHP Fernando Rodríguez
Batting: SHB Roberto Rivera 0-0: Called Strike
0-1: SINGLE (Flyball, 7S)
Batting: RHB Felipe Rodríguez 0-0: Ball
1-0: Fly out, F6 (Popup, 56S)
Batting: LHB Brock Larsen 0-0: Ball
1-0: Called Strike
1-1: Swinging Strike
1-2: Strikes out swinging
Batting: RHB Ryosei Yamamoto 0-0: Ball
1-0: SINGLE (Groundball, 6M)
Roberto Rivera to second
Batting: RHB Vic Langlois 0-0: Foul Ball, location: 2F
0-1: Swinging Strike
0-2: Ball
1-2: Ball
2-2: Foul Ball, location: 2F
2-2: Strikes out swinging
Bottom of the 5th over - 0 run(s), 2 hit(s), 0 error(s), 2 left on base; Manhatten 0 - Columbia 0
TOP OF THE 6TH
Manhatten Meatheads batting - Pitching for Columbia 08s : LHP Darrell Harding
Batting: RHB Juan Reyes 0-0: Called Strike
0-1: Called Strike
0-2: Foul Ball, location: 2F
0-2: Ball
1-2: Strikes out swinging
Batting: RHB Iván Moreno 0-0: Called Strike
0-1: Foul Ball, location: 2F
0-2: Ball
1-2: Foul Ball, location: 2F
1-2: Ground out 3-1 (Groundball, 34S)
Batting: LHB António Cedeño 0-0: Foul Ball, location: 2F
0-1: Swinging Strike
0-2: Strikes out swinging
Top of the 6th over - 0 run(s), 0 hit(s), 0 error(s), 0 left on base; Manhatten 0 - Columbia 0
BOTTOM OF THE 6TH
Columbia 08s batting - Pitching for Manhatten Meatheads : RHP Fernando Rodríguez
Batting: RHB Luis Maldonado 0-0: Foul Ball, location: 2F
0-1: Called Strike
0-2: Ball
1-2: Strikes out looking
Batting: RHB Ichizo Akiyama 0-0: Ball
1-0: Swinging Strike
1-1: Called Strike
1-2: Strikes out looking
Batting: RHB Alfredo Hernández 0-0: Ball
1-0: Swinging Strike
1-1: Foul Ball, location: 2F
1-2: Foul Ball, location: 2F
1-2: SINGLE (Popup, 4D)
Batting: RHB Barton Frazier 0-0: Called Strike
Alfredo Hernández steals 2nd base
0-1: Ball
1-1: Ball
2-1: Foul Ball, location: 2F
2-2: Strikes out looking
Bottom of the 6th over - 0 run(s), 1 hit(s), 0 error(s), 1 left on base; Manhatten 0 - Columbia 0
TOP OF THE 7TH
Manhatten Meatheads batting - Pitching for Columbia 08s : LHP Darrell Harding
Pitching: RHP Irwin Conway
Batting: RHB Kyle O'Day 0-0: Called Strike
0-1: Ground out 4-3 (Groundball, 4)
Batting: SHB Vitaliano Capuana 0-0: Ball
1-0: Ball
2-0: Foul Ball, location: 2F
2-1: Foul Ball, location: 2F
2-2: Foul Ball, location: 2F
2-2: Ball
3-2: Base on Balls
Batting: LHB Dave Watt 0-0: Ball
Vitaliano Capuana steals 2nd base
1-0: Intentional Walk
Batting: RHB Lynn Ford 0-0: Swinging Strike
0-1: Ball
1-1: Ball
2-1: Called Strike
2-2: Ball
3-2: SINGLE (Line Drive, 8LS)
Vitaliano Capuana to third
Dave Watt to second
Batting: RHB Greg Lee 0-0: Called Strike
0-1: Ball
1-1: SINGLE (Flyball, 8RS)
Vitaliano Capuana scores
Dave Watt to third
Lynn Ford to second
Runner from 3rd tries for Home, SAFE, no throw or cutoff
Batting: LHB Ed Murray 0-0: Ball
1-0: Called Strike
1-1: Ball
2-1: Foul Ball, location: 2F
2-2: SINGLE (Groundball, 34)
Lynn Ford to third
Greg Lee to second
Runner from 3rd tries for Home, SAFE, no throw or cutoff
Pitching: LHP Héctor Díaz
Batting: RHB Juan Reyes 0-0: SINGLE (Groundball, 13) (infield hit)
Greg Lee to third
Ed Murray to second
Batting: RHB Iván Moreno 0-0: Ball
1-0: Called Strike
1-1: SINGLE (Groundball, 6MD) (infield hit)
Greg Lee scores
Ed Murray to third
Juan Reyes to second
Batting: LHB António Cedeño 0-0: Foul Ball, location: 2F
0-1: Ball
1-1: Ball
2-1: Grounds into fielders choice 1-2 (Groundball, 13)
Juan Reyes to third
Iván Moreno to second
Batting: RHB Kyle O'Day 0-0: Called Strike
0-1: Foul Ball, location: 2F
0-2: Ball
1-2: SINGLE (Flyball, 9LM)
Juan Reyes scores
Iván Moreno to third
António Cedeño to second
Runner from 3rd tries for Home, SAFE, no throw or cutoff
Batting: SHB Vitaliano Capuana 0-0: Fielders Choice at 2nd, 5-4 (Groundball, 56)
Top of the 7th over - 6 run(s), 6 hit(s), 0 error(s), 1 left on base; Manhatten 6 - Columbia 0
BOTTOM OF THE 7TH
Columbia 08s batting - Pitching for Manhatten Meatheads : RHP Fernando Rodríguez
Pitching: RHP Matt Johnston
Batting: SHB Roberto Rivera 0-0: Ball
1-0: Called Strike
1-1: Fly out, F8 (Flyball, 8LM)
Batting: RHB Felipe Rodríguez 0-0: Called Strike
0-1: Swinging Strike
0-2: Ball
1-2: Ball
2-2: Foul Ball, location: 2F
2-2: Ground out 5-3 (Groundball, 5L)
Batting: LHB Brock Larsen 0-0: Called Strike
0-1: Ball
1-1: Called Strike
1-2: Strikes out swinging
Bottom of the 7th over - 0 run(s), 0 hit(s), 0 error(s), 0 left on base; Manhatten 6 - Columbia 0
TOP OF THE 8TH
Manhatten Meatheads batting - Pitching for Columbia 08s : LHP Héctor Díaz
Batting: LHB Dave Watt 0-0: Swinging Strike
0-1: Fly out, F7 (Flyball, 7LMF)
Batting: RHB Lynn Ford 0-0: Fly out, F9 (Flyball, 89M)
Batting: RHB Greg Lee 0-0: Ground out 6-3 (Groundball, 6)
Top of the 8th over - 0 run(s), 0 hit(s), 0 error(s), 0 left on base; Manhatten 6 - Columbia 0
BOTTOM OF THE 8TH
Columbia 08s batting - Pitching for Manhatten Meatheads : RHP Matt Johnston
Batting: RHB Ryosei Yamamoto 0-0: Swinging Strike
0-1: Ball
1-1: Foul Ball, location: 2F
1-2: Strikes out swinging
Batting: RHB Vic Langlois 0-0: Fly out, F8 (Flyball, 8LD)
Batting: RHB Luis Maldonado 0-0: Ball
1-0: Ball
2-0: Ball
3-0: Base on Balls
Batting: RHB Ichizo Akiyama 0-0: Ball
1-0: Swinging Strike
1-1: SINGLE (Line Drive, 8RS)
Luis Maldonado to second
Batting: RHB Alfredo Hernández 0-0: Ball
1-0: Swinging Strike
1-1: Foul Ball, location: 2F
1-2: Ball
2-2: Fielders Choice at 2nd, 6-4 (Groundball, 6)
Bottom of the 8th over - 0 run(s), 1 hit(s), 0 error(s), 1 left on base; Manhatten 6 - Columbia 0
TOP OF THE 9TH
Manhatten Meatheads batting - Pitching for Columbia 08s : LHP Héctor Díaz
Batting: LHB Ed Murray 0-0: Called Strike
0-1: Ball
1-1: Ball
2-1: Ball
3-1: SINGLE (Flyball, 7S)
Batting: RHB Juan Reyes 0-0: Sac Bunt - play at first, batter OUT! 5-3
Ed Murray to second
Batting: RHB Iván Moreno 0-0: Ball
1-0: Foul Ball, location: 2F
1-1: Foul Ball, location: 2F
1-2: SINGLE (Line Drive, 9LS)
Ed Murray to third
Runner from 3rd tries for Home, SAFE, throw made home
Iván Moreno to second
Batting: LHB António Cedeño 0-0: Foul Ball, location: 2F
0-1: Ground out 1-3 (Groundball, 13)
Iván Moreno to third
Batting: RHB Kyle O'Day 0-0: Called Strike
0-1: Foul Ball, location: 2F
0-2: Strikes out swinging
Top of the 9th over - 1 run(s), 2 hit(s), 0 error(s), 1 left on base; Manhatten 7 - Columbia 0
BOTTOM OF THE 9TH
Columbia 08s batting - Pitching for Manhatten Meatheads : RHP Matt Johnston
Now at 1B: Magali Foulerton
Now in CF: Mark McDonald
Batting: RHB Barton Frazier 0-0: Foul Ball, location: 2F
0-1: Foul Ball, location: 2F
0-2: Ball
1-2: Foul Ball, location: 2F
1-2: DOUBLE (Line Drive, 7LM)
Pitching: LHP Enrico Lozano
Batting: SHB Roberto Rivera 0-0: Called Strike
0-1: Called Strike
0-2: Fly out, F7 (Line Drive, 7LM)
Batting: RHB Felipe Rodríguez 0-0: Called Strike
0-1: Ball
1-1: Ball
2-1: Fly out, F2 (Popup, 2LF)
Batting: LHB Brock Larsen 0-0: Ball
1-0: Fly out, F8 (Flyball, 8RM)
Bottom of the 9th over - 0 run(s), 1 hit(s), 0 error(s), 1 left on base; Manhatten 7 - Columbia 0
This league is powered by Out of the Park Baseball, the baseball management simulation game for PC, Mac and Linux
Wednesday, December 2nd, 2015 - OOTP Baseball 16.8 Build 38